 Dungeon Crawl Stone Soup version 0.26-a0-652-gafc20e3620 (webtiles) character file.

Game seed: 2103583169935009669

84 Jacksmitt123 the Sneak (level 4, -1/40 HPs)
             Began as a Hill Orc Delver on Oct 1, 2020.
             Slain by an orc (4 damage)
             ... on level 3 of the Dungeon.
             The game lasted 00:03:52 (2987 turns).

Jacksmitt123 the Sneak (Hill Orc Delver)            Turns: 2987, Time: 00:03:53

Health: -1/40      AC:  4    Str: 15    XL:     4   Next: 45%
Magic:  4/4        EV: 12    Int: 10    God:
Gold:   87         SH:  0    Dex: 12    Spells: 3/3 levels left

rFire    . . .     SeeInvis .   a - +0 hand axe
rCold    . . .     Faith    .   (no shield)
rNeg     . . .     Spirit   .   b - +0 leather armour
rPois    .         Reflect  .   (no helmet)
rElec    .         Harm     .   o - +0 cloak
rCorr    .         Rampage  .   (no gloves)
MR       .....                  (no boots)
Stlth    ++........             (no amulet)
HPRegen  0.13/turn              (no ring)
MPRegen  0.09/turn              (no ring)

@: no status effects
A: no striking features
a: no special abilities


You were on level 3 of the Dungeon.
You visited 1 branch of the dungeon, and saw 5 of its levels.

You collected 87 gold pieces.

Inventory:

Hand Weapons
 a - a +0 hand axe (weapon)
Armour
 b - a +0 leather armour (worn)
 o - a +0 cloak (worn)
Wands
 g - a wand of digging (3)
Scrolls
 c - a scroll of fog
 d - 2 scrolls of magic mapping
 e - 2 scrolls of fear
 h - 2 scrolls of teleportation {unknown}
 i - a scroll of enchant weapon {unknown}
 j - 2 scrolls of remove curse
 m - 2 scrolls of identify {unknown}
 q - a scroll of noise {unknown}
Potions
 f - a potion of haste
 k - a potion of flight {unknown}
 l - a potion of invisibility {unknown}
 n - a potion of heal wounds {unknown}
 p - a potion of curing {unknown}


   Skills:
 + Level 4.2 Fighting
 + Level 3.8 Axes
 + Level 1.6 Armour
 + Level 1.9 Dodging
 + Level 4.5 Stealth


You had 3 spell levels left.
You didn't know any spells.
Your spell library was empty.

Dungeon Overview and Level Annotations

Branches:
Dungeon (5/15)
 Temple: D:4-7

Altars:
Yredelemnul


Message History

* * * LOW HITPOINT WARNING * * *
The orc barely misses you. The orc barely misses you. The orc hits you.
* * * LOW HITPOINT WARNING * * *
The orc barely misses you. The orc barely misses you.
The orc barely misses you. The orc closely misses you.
The orc completely misses you.
An orc wizard appears from thin air!
Reactivating autopickup.
The orc hits you but does no damage. The orc closely misses you.
The orc misses you. The orc misses you. The orc hits you.
* * * LOW HITPOINT WARNING * * *
The orc hits you.
You die...

# ##. .... ≈....
......################
.....ooo@............#
....#.##############.#
. #) ######## #.# #
#......# #.#
#......#####.#
#............#
##'########### #.# #.#
#####


You could see an orc wizard and 2 orcs.

Vanquished Creatures
  4 adders (D:2)
  A leopard gecko (D:2)
  An orc (D:3)
  A giant cockroach (D:1)
  6 goblins
  6 hobgoblins
  3 ball pythons (D:1)
  7 bats
  3 frilled lizards
  8 kobolds
  7 rats
47 creatures vanquished.

Vanquished Creatures (others)
  A plant (D:1)
1 creature vanquished.

Grand Total: 48 creatures vanquished

Notes
Turn   | Place    | Note
-------+----------+-------------------------------------------
     0 | D:5      | Jacksmitt123 the Hill Orc Delver began the quest for the
                  | Orb.
     0 | D:5      | Reached XP level 1. HP: 19/19 MP: 1/1
     9 | D:5      | Found a basalt altar of Yredelemnul.
    12 | D:5      | Noticed a sky beast
    31 | D:4      | Noticed an ogre
   466 | D:1      | Reached XP level 2. HP: 5/27 MP: 2/2
  1363 | D:1      | Reached XP level 3. HP: 33/33 MP: 3/3
  1896 | D:2      | Reached skill level 1 in Armour
  2415 | D:2      | Reached XP level 4. HP: 34/40 MP: 4/4
  2987 | D:3      | Slain by an orc

Illustrated notes

Levels and vault maps discovered:
D:1:      dpeg_arrival_renting, layout_loops_ring, serial_bayou_pond_a
D:2:      layout_basic
D:3:      layout_basic, grunt_temple_overflow_forces_of_nature,
          lemuel_coloured_pillars_altar, minmay_crystal_room
D:4:      layout_basic, tgw_trog
D:5:      cheibrodos_helix_gallery, layout_rooms, basic_altar, serial_undead,
          serial_undead_f, serial_undead_c, serial_undead_e, serial_undead_e,
          serial_shops, shop, uniq_pikel, uniq_prince_ribbit1

Skill      XL: |  1  2  3 |
---------------+----------+-----
Axes           | 3 |  3.8
Fighting       | 4 |  4.2
Armour         | 1 |  1.6
Dodging        | |  1.9
Stealth        | |  4.5

Action                   |  1- 3 |  4- 6 || total
-------------------------+-------+-------++-------
Melee: Hand axe          |   115 |    28 ||   143
  Use: Scroll            |     1 |       ||     1
 Stab: Sleeping          |     7 |     1 ||     8
Armor: Leather armour    |    34 |    13 ||    47
Dodge: Dodged            |    86 |    41 ||   127

Table legend: (Time is in decaauts)
 A = Elapsed time spent in this place.
 B = Non-inter-level travel time spent in this place.
 C = Inter-level travel time spent in this place.
 D = Time resting spent in this place.
 E = Time spent auto-exploring this place.
 F = Levels seen in this place.
 G = Mean time per level.
                   A        B        C        D        E       F      G
               +--------+--------+--------+--------+--------+-----+--------+
         Total |   3007 |   2921 |     86 |      0 |   2477 |   5 |  601.4 |
       Dungeon |   3007 |   2921 |     86 |      0 |   2477 |   5 |  601.4 |
               +--------+--------+--------+--------+--------+-----+--------+

Top non-repeatable levels by time:
     D:1: 1316 daAuts
     D:2: 1187 daAuts
     D:3: 464 daAuts
     D:5: 31 daAuts
     D:4: 8 daAuts
